 Dungeon Sprint DCSS version 0.20.1-1-g8b1a95d (webtiles) character file.

71 potatolord6000 the Caller (level 4, -1/28 HPs)
             Began as a Deep Elf Summoner on Sept 8, 2017.
             Was an Initiate of Sif Muna.
             Slain by a jumping spider (9 damage)
             ... summoned by a deep elf mage
             ... in the Dungeon (Sprint VII: "The Pits").
             The game lasted 00:05:16 (450 turns).

potatolord6000 the Caller (Deep Elf Summoner)        Turns: 450, Time: 00:05:16

Health: -1/28      AC:  2    Str:  5    XL:     4   Next: 5%
Magic:  5/13       EV: 15    Int: 21    God:    Sif Muna [......]
Gold:   0          SH:  0    Dex: 15    Spells: 7/14 levels left

rFire    . . .     SeeInvis .   j - +2 quarterstaff
rCold    . . .     Gourm    .   (shield currently unavailable)
rNeg     . . .     Faith    .   a - +0 robe
rPois    .         Spirit   .   (no helmet)
rElec    .         Reflect  .   (no cloak)
rCorr    .         Harm     .   (no gloves)
MR       .....     NoTele   +   (no boots)
Stlth    ++........             (no amulet)
Regen    0.1/turn               (no ring)
MPRegen  0.2/turn               (no ring)

@: very slightly contaminated, hasted, invisible, very quick
A: no striking features
a: Renounce Religion


You were in the Dungeon.
You worshipped Sif Muna.
Sif Muna was noncommittal.
You were not hungry.

You visited 1 branch

Inventory:

Hand Weapons
 j - a +2 quarterstaff (weapon)
Armour
 a - a +0 robe (worn)
Scrolls
 i - a scroll of blinking
 l - 3 scrolls of remove curse
 m - 5 scrolls of amnesia
 n - a scroll of summoning
Potions
 d - a potion of curing
 e - a potion of heal wounds
 g - 4 potions of magic
 h - 3 potions of berserk rage
 k - a potion of invisibility
Books
 b - a book of Callings

   Spells                             Type                      Level
   a - Summon Small Mammal            Summoning                    1
   b - Call Imp                       Summoning                    2
   c - Call Canine Familiar           Summoning                    3
   d - Summon Guardian Golem          Hexes/Summoning              3
   e - Summon Lightning Spire         Summoning/Air                4
   f - Summon Ice Beast               Ice/Summoning                4
Comestibles
 c - 8 bread rations
 o - 40 fruits
 p - 7 meat rations


   Skills:
 + Level 3.0 Fighting
 + Level 0.2 Staves
 + Level 5.5 Dodging
 - Level 2.4 Stealth
 + Level 5.7 Spellcasting
 + Level 6.0 Summonings


You had 7 spell levels left.
You knew the following spells:

 Your Spells              Type           Power        Failure   Level  Hunger
a - Summon Small Mammal   Summ           ####         1%          1    None
b - Call Canine Familiar  Summ           ####....     2%          3    ##.....
c - Summon Guardian Gole  Hex/Summ       ###.....     9%          3    ##.....


Dungeon Overview and Level Annotations

Branches:
Dungeon (1/1)

Altars:
Ashenzari
Cheibriados
Dithmenos
Elyvilon
Fedhas
Gozag
Hepliaklqana
Kikubaaqudgha
Makhleb
Nemelex Xobeh
Okawaru
Qazlal
Ru
Sif Muna
Trog
Uskayaw
Vehumet
Xom
Yredelemnul
Zin
The Shining One
Beogh
Jiyva
Lugonu


Message History

Your bat's corpse disappears in a puff of smoke!
You barely miss the jumping spider.
The jumping spider completely misses you.
The jumping spider misses you. The ooze closely misses you.
Your quokka misses the jumping spider.
You strike the helpless jumping spider from behind!
You hit the jumping spider.
The jumping spider is lightly wounded.
The jumping spider pounces on your quokka!
The jumping spider bites your quokka but does no damage.
The jumping spider barely misses you.
The jumping spider completely misses you.
The hell rat misses you. The ooze hits you.
* * * LOW HITPOINT WARNING * * *
Your quokka bites the jumping spider.
The jumping spider pounces on your quokka!
Your quokka dies!
Your quokka's corpse disappears in a puff of smoke!
The jumping spider pounces on you!
You die...

#.?(.')))'.##......#..
##########.##.........
#.....÷.....'.........
#+#####÷#####......#..
#†.#...'.##.........
#.S#...#.#####'#####
#.s#####.##.......#
#.r§8r.#.##.......#
#es@.r.'.##.......#
#.J########...<...#
#.. #.......# #..
#.......# ###
#.......# #########


You could see a deep elf mage (wandering), 2 jumping spiders, a hell rat, an
ooze, an adder, a friendly guardian golem and 2 friendly quokkas.

Vanquished Creatures
  3 jackals (D)
  A frilled lizard (D)
4 creatures vanquished.

Vanquished Creatures (collateral kills)
  A floating eye (D)
  An ufetubus (D)
  A giant cockroach (D)
  A frilled lizard (D)
4 creatures vanquished.

Grand Total: 8 creatures vanquished

Notes
Turn   | Place    | Note
-------+----------+-------------------------------------------
     0 | D        | potatolord6000 the Deep Elf Summoner began the quest for the Orb.
     0 | D        | Reached XP level 1. HP: 10/10 MP: 6/6
    15 | D        | Noticed a floating eye
    20 | D        | Paralysed by a floating eye for 2 turns
    25 | D        | Paralysed by a floating eye for 3 turns
    33 | D        | Killed a floating eye
    33 | D        | Reached skill level 5 in Dodging
    33 | D        | Reached skill level 5 in Spellcasting
    33 | D        | Reached skill level 6 in Summonings
    33 | D        | Reached XP level 2. HP: 18/18 MP: 1/10
    33 | D        | Reached XP level 3. HP: 22/22 MP: 1/12
    54 | D        | Found a bloodstained altar of Trog.
    54 | D        | Found a deep blue altar of Sif Muna.
    54 | D        | Found a viscous altar of Jiyva.
    54 | D        | Found a hazy altar of Hepliaklqana.
    54 | D        | Found an opulent altar of Gozag.
    84 | D        | Found a glowing golden altar of the Shining One.
    84 | D        | Found a glowing silver altar of Zin.
    84 | D        | Found a basalt altar of Yredelemnul.
    84 | D        | Found a shimmering altar of Xom.
    84 | D        | Found a sacrificial altar of Ru.
    84 | D        | Found a stormy altar of Qazlal.
    84 | D        | Found an iron altar of Okawaru.
    84 | D        | Found a sparkling altar of Nemelex Xobeh.
    84 | D        | Found a burning altar of Makhleb.
    84 | D        | Found a blossoming altar of Fedhas.
    84 | D        | Found a white marble altar of Elyvilon.
    84 | D        | Found a shadowy altar of Dithmenos.
    84 | D        | Found a snail-covered altar of Cheibriados.
    87 | D        | Found a corrupted altar of Lugonu.
    87 | D        | Found a radiant altar of Vehumet.
    87 | D        | Found a roughly hewn altar of Beogh.
    88 | D        | Found an ancient bone altar of Kikubaaqudgha.
    88 | D        | Found a hide-covered altar of Uskayaw.
    88 | D        | Found a shattered altar of Ashenzari.
    89 | D        | Became a worshipper of Sif Muna the Loreminder
   369 | D        | Reached XP level 4. HP: 26/28 MP: 10/13
   429 | D        | Learned a level 3 spell: Call Canine Familiar
   433 | D        | Learned a level 3 spell: Summon Guardian Golem
   440 | D        | Noticed a deep elf mage
   444 | D        | Noticed a jumping spider
   444 | D        | Noticed a jumping spider
   450 | D        | Slain by a jumping spider

Skill      XL: |  1  2  3 |
---------------+----------+-----
Fighting       | 2 3 |  3.0
Dodging        | 5 |  5.5
Spellcasting   | 5 |  5.7
Summonings     | 6 |  6.0
Staves         | |  0.2
Stealth        | |  2.4

Action                   |  1- 3 |  4- 6 || total
-------------------------+-------+-------++-------
Melee: Unarmed           |     3 |       ||     3
       Quarterstaff      |    14 |     9 ||    23
 Cast: Summon Small Mamm |     8 |     8 ||    16
       Call Canine Famil |       |     1 ||     1
       Summon Guardian G |       |     1 ||     1
  Use: Potion            |       |     2 ||     2
 Stab: Sleeping          |     1 |       ||     1
       Invisible         |       |     1 ||     1
Armor: Robe              |     6 |       ||     6
Dodge: Dodged            |    30 |    16 ||    46
